 Dungeon Crawl Stone Soup version 0.22.1-1-ga44c0e5 (webtiles) character file.

224 Folque the Slinger (level 6, -1/63 HPs)
             Began as a Halfling Hunter on Sept 25, 2018.
             Slain by Sigmund
             ... wielding a +3 scythe of protection
              (4 damage)
             ... on level 3 of the Dungeon.
             The game lasted 00:12:28 (3029 turns).

Folque the Slinger (Halfling Hunter)                Turns: 3029, Time: 00:12:29

Health: -1/63      AC: 23    Str: 13    XL:     6   Next: 20%
Magic:  6/6        EV:  3    Int:  9    God:
Gold:   213        SH:  0    Dex: 17    Spells: 5/5 levels left

rFire    . . .     SeeInvis .   e - +0 short sword
rCold    . . .     Gourm    .   (shield restricted)
rNeg     + + +     Faith    +   (armour currently unavailable)
rPois    +         Spirit   .   (helmet currently unavailable)
rElec    .         Reflect  .   (cloak currently unavailable)
rCorr    .         Harm     .   (gloves currently unavailable)
MR       .....     NoTele   +   (boots currently unavailable)
Stlth    ++........             i - amulet of faith
HPRegen  0.20/turn              (no ring)
MPRegen  0.10/turn              (no ring)

@: tree-form
A: small, mutation resistance 1
a: no special abilities


You were on level 3 of the Dungeon.
You were not hungry.
You were a tree.
You visited 1 branch of the dungeon, and saw 3 of its levels.

You collected 213 gold pieces.

Inventory:

Hand Weapons
 e - a +0 short sword (weapon)
 w - a +1 hunting sling
Missiles
 a - 145 stones (quivered)
 q - 32 sling bullets
Armour
 c - a +1 leather armour (melded)
 m - a +2 pair of boots (melded)
 o - a +0 cloak (melded)
Jewellery
 i - an amulet of faith (around neck)
Scrolls
 j - a scroll of remove curse
 k - a scroll of identify
Potions
 g - a potion of degeneration
Comestibles
 f - 5 rations
 l - 3 chunks of flesh


   Skills:
 - Level 3.1 Fighting
 - Level 1.0 Short Blades
 * Level 8.0 Slings
 + Level 1.9 Armour
 + Level 3.0 Dodging
 - Level 1.1 Stealth


You had 5 spell levels left.
You didn't know any spells.
Your spell library was empty.

Dungeon Overview and Level Annotations

Branches:
Dungeon (3/15)

Altars:
Trog
Uskayaw
Xom

Annotations:
D:3 Sigmund


Innate Abilities, Weirdness & Mutations

You are small and have problems with some larger weapons.
You are somewhat resistant to further mutation.


Message History

You smell baking bread.
It was a scroll of random uselessness.
The kobold hits you but does no damage.
As you read the scroll labeled GYEDUNO ULIAT, it crumbles to dust.
The creatures around you are filled with an inner flame!
It was a scroll of immolation.
Something hits you but does no damage. The kobold hits you.
* * * LOW HITPOINT WARNING * * *
As you read the scroll labeled OTERPH QIPLEQ, it crumbles to dust.
It is a scroll of enchant armour.
Your +0 leather armour glows green for a moment.
Something completely misses you. The kobold hits you but does no damage.
Okay, then.
Okay, then.
You feel a strange surge of divine interest.
i - an amulet of faith (around neck)
You hit something. The kobold hits you but does no damage.
Something hits you but does no damage.
You closely miss something. The kobold hits you but does no damage.
Something hits you.
You die...

#.....)...#
#.........##
##........?.
#.........#
#.........######
#...........(...
#.............$.
#......K.(..(..(
##....♣†.#.....
##.÷..{## ####
##.#.## #.####
#.#.# #.....
#.#..# #
#.##..## # #.#
#..# ## #####.##
#.# #. #......#
#.# ####.


You could see a kobold (inner flame).

Vanquished Creatures
  An ice beast (D:3)
  Robin (D:3)
  4 adders
  3 worms
  3 dart slugs
  2 leopard geckos (D:1)
  An orc (D:3)
  A ball python (D:2)
  A giant cockroach (D:2)
  13 goblins
  18 hobgoblins
  2 jackals (D:3)
  8 bats
  3 frilled lizards
  2 kobolds
  4 rats
67 creatures vanquished.

Notes
Turn   | Place    | Note
-------+----------+-------------------------------------------
     0 | D:1      | Folque the Halfling Hunter began the quest for the Orb.
     0 | D:1      | Reached XP level 1. HP: 14/14 MP: 1/1
   140 | D:1      | Reached skill level 6 in Slings
   140 | D:1      | Reached XP level 2. HP: 10/19 MP: 2/2
   850 | D:1      | Reached XP level 3. HP: 21/25 MP: 3/3
  1555 | D:2      | Reached XP level 4. HP: 29/31 MP: 4/4
  1838 | D:2      | Found a bloodstained altar of Trog.
  2151 | D:3      | Found a shimmering altar of Xom.
  2186 | D:3      | Reached skill level 1 in Short Blades
  2226 | D:3      | Noticed Robin
  2233 | D:3      | Killed Robin
  2243 | D:3      | Reached skill level 7 in Slings
  2282 | D:3      | Reached XP level 5. HP: 15/36 MP: 5/5
  2603 | D:3      | Found a hide-covered altar of Uskayaw.
  2656 | D:3      | Reached skill level 1 in Armour
  2671 | D:3      | Noticed an ice beast
  2684 | D:3      | Killed an ice beast
  2684 | D:3      | Reached XP level 6. HP: 14/42 MP: 6/6
  2791 | D:3      | Noticed Sigmund
  2928 | D:3      | Reached skill level 8 in Slings
  3023 | D:3      | HP: 2/63 [something (6)]
  3029 | D:3      | Slain by Sigmund

Skill      XL: |  1  2  3  4  5  6 |
---------------+-------------------+-----
Fighting       | 2 3 |  3.1
Slings         | 6 7 8 |  8.0
Short Blades   | 1 |  1.0
Armour         | 1 |  1.9
Dodging        | 3 |  3.0
Stealth        | |  1.1

Action                   |  1- 3 |  4- 6 || total
-------------------------+-------+-------++-------
Melee: Short sword       |   104 |   130 ||   234
 Fire: Hunting sling     |     7 |    63 ||    70
  Use: Potion            |     2 |     3 ||     5
       Scroll            |       |     6 ||     6
 Stab: Sleeping          |     1 |     1 ||     2
  Eat: Chunk             |     1 |     6 ||     7
Armor: Leather armour    |    30 |    53 ||    83
       Skin              |       |    19 ||    19
Dodge: Dodged            |    82 |   106 ||   188
